[Event "Titled Tuesday Blitz December 20 Early 2022"]
[White "Hsu, Li Yang"]
[Black "Eloisa Navez, Angel"]
[WhiteFideId "5800080"]
[BlackFideId "5117305"]
[WhiteElo "2427"]
[BlackElo "1942"]
[Result "1-0"]
[Round "07"]
[TimeControl "180+2"]
[Date "2022.12.20"]
[WhiteClock "0:00:18"]
[BlackClock "0:00:02"]

1. Nf3 Nf6 2. g3 b6 3. Bg2 Bb7 4. O-O e6 5. d4 Be7 6. c4 O-O 7. Nc3 Ne4 8. Bd2 f5 9. d5 Bf6 10. Rc1 Na6 11. Qc2 Nac5 12. b4 Nxc3 13. Bxc3 Ne4 14. Bxf6 Qxf6 15. Rfd1 a5 16. b5 e5 17. e3 Nc5 18. d6 cxd6 19. Ne1 Be4 20. Qd2 Bxg2 21. Nxg2 Ne4 22. Qd5+ Qe6 23. f3 Ng5 24. Kf2 Rac8 25. Qxd6 e4 26. f4 Nf3 27. Qxd7 Qh6 28. h4 Qh5 29. Qe6+ Kh8 30. Qxb6 Nh2 31. Kg1 Nf3+ 32. Kf2 Nh2 33. Ne1 Qg4 34. Rd7 Qh3 35. Ke2 Qxg3 36. Kd2 Qf2+ 37. Kc3 Nf3 38. Nc2 1-0


[Site "https://www.chess.com"]

[Event "Titled Tuesday Blitz December 20 Early 2022"]
[White "Ibarra Jerez, Jose Carlos"]
[Black "Sanan_Sjugirov"]
[WhiteFideId "2226332"]
[WhiteElo "2563"]
[BlackElo "2933"]
[Result "1-0"]
[Round "07"]
[TimeControl "180+2"]
[Date "2022.12.20"]
[WhiteClock "0:00:35"]
[BlackClock "0:00:03"]

1. e4 e5 2. Nf3 Nc6 3. d4 exd4 4. Nxd4 Nf6 5. Nxc6 bxc6 6. Bd3 d6 7. O-O Be7 8. Nc3 O-O 9. f4 Nd7 10. Be3 Re8 11. Qd2 Bf6 12. Rae1 a5 13. e5 dxe5 14. f5 Ba6 15. Bxa6 Rxa6 16. Ne4 Qc8 17. Rd1 Nb6 18. Bg5 Nd5 19. c4 Nf4 20. Bxf6 Qxf5 21. Qd7 Qxd7 22. Rxd7 gxf6 23. Nxf6+ Kf8 24. Nxe8 Kxe8 25. Rxc7 Rb6 26. b3 a4 27. Re1 Ng6 28. c5 Rb5 29. Rxc6 axb3 30. axb3 Rxb3 31. Rc7 Rc3 32. Ra1 Kf8 33. Raa7 Nh8 34. h4 e4 35. h5 h6 36. Rc8+ Kg7 37. Raa8 e3 38. Kf1 1-0


[Site "https://www.chess.com"]

[Event "Titled Tuesday Blitz December 20 Early 2022"]
[White "Jacomet Rodriguez, Josep-M."]
[Black "gammagramma"]
[WhiteFideId "54509815"]
[WhiteElo "3034"]
[BlackElo "2716"]
[Result "1-0"]
[Round "07"]
[TimeControl "180+2"]
[Date "2022.12.20"]
[WhiteClock "0:01:25"]
[BlackClock "0:00:40"]

1. e4 Nc6 2. Nf3 d6 3. d4 Nf6 4. Nc3 Bg4 5. d5 Ne5 6. Bb5+ Ned7 7. h3 Bh5 8. Be3 e6 9. dxe6 fxe6 10. Bc4 Qe7 11. Bb3 Nc5 12. Bxc5 dxc5 13. Qd3 Rd8 14. Qe2 a6 15. g4 Bf7 16. a4 e5 17. Bxf7+ Qxf7 18. Nxe5 Qe6 19. Nf3 Be7 20. O-O O-O 21. Ng5 Qe5 22. Qc4+ Nd5 23. Nxd5 Bxg5 24. f4 b5 25. axb5 axb5 26. fxe5 bxc4 27. Nxc7 Be3+ 28. Kh1 Rf4 29. Rxf4 Bxf4 30. Ne6 Bxe5 31. Nxd8 1-0


[Site "https://www.chess.com"]

[Event "Titled Tuesday Blitz December 20 Early 2022"]
[White "JaloliddinIlkhomi"]
[Black "ShahxaibKhan"]
[WhiteElo "2533"]
[BlackElo "2382"]
[Result "0-1"]
[Round "07"]
[TimeControl "180+2"]
[Date "2022.12.20"]
[WhiteClock "0:00:02"]
[BlackClock "0:00:05"]

1. d4 Nf6 2. Bf4 e6 3. e3 d5 4. Nd2 Bd6 5. Bg3 c5 6. c3 Qc7 7. Ngf3 O-O 8. Ne5 Nbd7 9. f4 Ne8 10. Bd3 c4 11. Bc2 b5 12. Ndf3 b4 13. Bxh7+ Kxh7 14. Ng5+ Kg8 15. Qh5 Nef6 16. Qh3 bxc3 17. bxc3 Qa5 18. Rc1 Ba3 19. Rc2 Qa4 20. Rf2 Rb8 21. O-O Rb2 22. f5 Rxf2 23. Rxf2 Bc1 24. Bf4 exf5 25. Rf1 Qc2 26. Nc6 Ba3 27. Be5 Bb7 28. Bxf6 Nxf6 29. Ne5 Bc8 30. Rf2 Qd1+ 31. Rf1 Qe2 32. Qg3 Bb2 33. h4 Bxc3 34. Nc6 Be6 35. Ne7+ Kh8 36. Nxe6 fxe6 37. Ng6+ Kg8 38. Nxf8 Kxf8 39. Qb8+ Kf7 40. Rb1 Qxe3+ 41. Kh1 Bxd4 42. h5 Ne4 43. Rb7+ Kf6 44. Qd8+ Ke5 45. Qb8+ Nd6 46. Rb1 Qg5 47. Qg8 Qh4# 0-1


[Site "https://www.chess.com"]

[Event "Titled Tuesday Blitz December 20 Early 2022"]
[White "Jenkins, Drake"]
[Black "Paspuel, Trosky"]
[WhiteFideId "2022397"]
[BlackFideId "3602150"]
[WhiteElo "2130"]
[BlackElo "1721"]
[Result "1-0"]
[Round "07"]
[TimeControl "180+2"]
[Date "2022.12.20"]
[WhiteClock "0:00:09"]
[BlackClock "0:00:02"]

1. Nf3 Nf6 2. c4 e6 3. g3 d5 4. Bg2 d4 5. O-O c5 6. b4 cxb4 7. a3 Nc6 8. d3 Be7 9. axb4 Bxb4 10. Ba3 Bxa3 11. Nxa3 O-O 12. Qc2 Nd7 13. c5 Qe7 14. Rfc1 e5 15. Nb5 h6 16. Nd2 f5 17. Nd6 Rf6 18. Rab1 e4 19. Nxc8 Rxc8 20. dxe4 f4 21. Rxb7 fxg3 22. hxg3 Nce5 23. Bh3 Rxc5 24. Qa2+ Kh7 25. Rxc5 Qxc5 26. Bxd7 Nxd7 27. Rxd7 Qg5 28. Rxd4 h5 29. Qd5 Qg6 30. Nf3 Qe8 31. e5 Rf5 32. Qe4 g6 33. e6 Qb5 34. Kg2 h4 35. Nxh4 Rg5 36. Nf3 Rf5 37. Rd7+ Kh6 38. Qh4+ Rh5 39. Qf4+ g5 40. Qf6# 1-0


[Site "https://www.chess.com"]

[Event "Titled Tuesday Blitz December 20 Early 2022"]
[White "JoliyRoger"]
[Black "tylityli"]
[WhiteElo "2429"]
[BlackElo "2334"]
[Result "1-0"]
[Round "07"]
[TimeControl "180+2"]
[Date "2022.12.20"]
[WhiteClock "0:00:22"]
[BlackClock "0:00:02"]

1. d4 Nf6 2. c4 e6 3. Nf3 Bb4+ 4. Bd2 Qe7 5. Nc3 O-O 6. Qc2 d6 7. e4 e5 8. d5 a5 9. a3 Bxc3 10. Bxc3 a4 11. Be2 Nbd7 12. Bb4 b6 13. O-O Nc5 14. Bxc5 bxc5 15. Nd2 Bd7 16. Nb1 Ne8 17. Nc3 f5 18. f4 Nf6 19. exf5 exf4 20. Rxf4 Qe3+ 21. Rf2 Rfe8 22. Qd3 Ng4 23. Qxe3 Nxe3 24. Bd3 Re5 25. Re1 Nxc4 26. Rxe5 Nxe5 27. Bc2 Kf7 28. h3 h5 29. g3 Kf6 30. Ne4+ Ke7 31. Kg2 Rb8 32. Bb1 Nc4 33. Bd3 Nxb2 34. Be2 c4 35. Bxh5 Nd3 36. Rc2 Rb2 37. Bd1 Rxc2+ 38. Bxc2 Ne5 39. g4 g6 40. f6+ Kf7 41. g5 1-0


[Site "https://www.chess.com"]

[Event "Titled Tuesday Blitz December 20 Early 2022"]
[White "Jovanovic, Dobrica"]
[Black "Husnutdinov, Damir"]
[WhiteFideId "928674"]
[BlackFideId "14200910"]
[WhiteElo "2164"]
[BlackElo "2415"]
[Result "0-1"]
[Round "07"]
[TimeControl "180+2"]
[Date "2022.12.20"]
[WhiteClock "0:00:03"]
[BlackClock "0:00:05"]

1. e4 c5 2. c3 d5 3. exd5 Qxd5 4. d4 Nf6 5. Nf3 Bg4 6. Be2 e6 7. O-O Be7 8. Bf4 O-O 9. Nbd2 cxd4 10. Nxd4 Bxe2 11. Nxe2 Rd8 12. Nf3 Nc6 13. Qxd5 Nxd5 14. Bg3 Bf6 15. Rfd1 h6 16. Nf4 Nxf4 17. Bxf4 Ne7 18. Bc7 Rxd1+ 19. Rxd1 Nd5 20. Be5 Bxe5 21. Nxe5 Rc8 22. g3 b5 23. Kf1 a5 24. Ke2 b4 25. cxb4 axb4 26. Rd2 Ra8 27. b3 Nc3+ 28. Kf3 Nxa2 29. Nc6 Nc1 30. Nxb4 Nxb3 31. Rd7 Ra3 32. Kg2 Nc5 33. Rd8+ Kh7 34. Nc6 Ne4 35. Ne5 f6 36. Nd3 Ra2 37. Kf3 Ng5+ 38. Ke3 Ra3 39. h4 Nf7 40. Ke2 Ra2+ 41. Ke3 Ra3 42. Rf8 Ne5 43. Rd8 Rxd3+ 44. Rxd3 Nxd3 45. Kxd3 Kg6 46. Ke4 e5 47. g4 h5 48. f3 hxg4 49. fxg4 Kf7 50. Kf5 g6+ 51. Ke4 Kg7 52. Kd5 Kh6 53. Ke4 Kg7 54. Kd5 Kf7 55. Ke4 Ke6 56. Kf3 f5 57. Kg3 e4 58. Kf4 Kf6 0-1


[Site "https://www.chess.com"]

[Event "Titled Tuesday Blitz December 20 Early 2022"]
[White "Karttunen, Mika"]
[Black "Alexander_Donchenko"]
[WhiteFideId "502081"]
[WhiteElo "2490"]
[BlackElo "2812"]
[Result "0-1"]
[Round "07"]
[TimeControl "180+2"]
[Date "2022.12.20"]
[WhiteClock "0:00:11"]
[BlackClock "0:01:44"]

1. d4 Nf6 2. c4 e6 3. Nc3 Bb4 4. e3 c5 5. Bd3 Nc6 6. Ne2 O-O 7. O-O cxd4 8. exd4 d5 9. a3 Be7 10. c5 a5 11. Na4 Nd7 12. Qc2 h6 13. f4 b6 14. cxb6 Bb7 15. Qb3 Rb8 16. f5 e5 17. Be3 e4 18. Bc2 Ba6 19. Rf2 Nxb6 20. Nxb6 Rxb6 21. Qc3 Bf6 22. b3 Qd6 23. Nf4 Rc8 24. Qd2 Nxd4 25. Bxd4 Rxc2 26. Qxc2 Bxd4 27. Rd1 Bxf2+ 28. Qxf2 Rxb3 29. Nxd5 Qxd5 30. Rxd5 Rb1+ 31. Qe1 Rxe1+ 32. Kf2 Re2+ 33. Kg3 a4 0-1


[Site "https://www.chess.com"]

[Event "Titled Tuesday Blitz December 20 Early 2022"]
[White "KerryStead"]
[Black "WiktoriaPOL"]
[WhiteElo "2033"]
[BlackElo "2241"]
[Result "1-0"]
[Round "07"]
[TimeControl "180+2"]
[Date "2022.12.20"]
[WhiteClock "0:01:09"]
[BlackClock "0:00:12"]

1. d4 Nf6 2. f3 d5 3. e4 dxe4 4. Nc3 exf3 5. Nxf3 g6 6. Bc4 Bg7 7. O-O O-O 8. Qe1 Bg4 9. Qh4 Nc6 10. Ne2 Qd7 11. c3 a6 12. h3 Bxf3 13. Rxf3 b5 14. Bb3 e5 15. Be3 e4 16. Rxf6 Bxf6 17. Qxf6 Qe7 18. Qxc6 Rfd8 19. Rf1 Rf8 20. Qc5 Qh4 21. Qg5 Qxg5 22. Bxg5 Kg7 23. Bf6+ Kh6 24. g4 a5 25. Ng3 g5 26. Bc2 e3 27. Nf5+ Kg6 28. Nxe3+ Kh6 29. h4 gxh4 30. Nf5+ Kg6 31. Nxh4+ Kh6 32. Rf5 1-0


[Site "https://www.chess.com"]

[Event "Titled Tuesday Blitz December 20 Early 2022"]
[White "Kirillov-Dmitry"]
[Black "Tarno, Brian"]
[BlackFideId "10833820"]
[WhiteElo "2444"]
[BlackElo "2169"]
[Result "1-0"]
[Round "07"]
[TimeControl "180+2"]
[Date "2022.12.20"]
[WhiteClock "0:01:01"]
[BlackClock "0:00:01"]

1. e4 c5 2. Nc3 d6 3. f4 Nc6 4. Nf3 g6 5. Bc4 Bg7 6. d3 Nf6 7. O-O O-O 8. h3 e6 9. Bb3 d5 10. e5 Nd7 11. Ne2 b5 12. c3 Nb6 13. Be3 c4 14. Bc2 cxd3 15. Bxd3 Nc4 16. Bc1 Rb8 17. b3 N4a5 18. Ba3 Re8 19. Bd6 Rb7 20. Ned4 Nxd4 21. cxd4 Bf8 22. Bxf8 Kxf8 23. Rc1 Bd7 24. Qd2 Qb6 25. Rc5 Rc8 26. Rxc8+ Bxc8 27. Rc1 Bd7 28. Rc5 Nc6 29. b4 a5 30. a3 axb4 31. axb4 Ra7 32. Rxb5 Qc7 33. Rc5 Ra1+ 34. Kh2 Kg7 35. b5 Qb7 36. bxc6 Bxc6 37. f5 exf5 38. Qg5 Qa7 39. Qf6+ Kh6 40. g4 fxg4 41. hxg4 Qa3 42. Be2 Qa2 43. g5+ Kh5 44. Nd2+ Kh4 45. Qf4# 1-0


[Site "https://www.chess.com"]

[Event "Titled Tuesday Blitz December 20 Early 2022"]
[White "Klose, Eli"]
[Black "Ruzele, Darius"]
[WhiteFideId "16242955"]
[BlackFideId "12800104"]
[WhiteElo "1519"]
[BlackElo "2531"]
[Result "1-0"]
[Round "07"]
[TimeControl "180+2"]
[Date "2022.12.20"]
[WhiteClock "0:01:24"]
[BlackClock "0:00:02"]

1. e4 c5 2. Nc3 g6 3. g3 Bg7 4. d3 Nc6 5. Bg2 e6 6. Be3 Nge7 7. Qd2 Nd4 8. Nd1 O-O 9. c3 Ndc6 10. Bxc5 d5 11. Be3 d4 12. cxd4 Nxd4 13. Ne2 Nec6 14. O-O b6 15. Ndc3 Ba6 16. Rad1 Qd7 17. Bh6 Rfd8 18. Bxg7 Kxg7 19. Nxd4 Qxd4 20. Rfe1 Nb4 21. e5 Rac8 22. Qg5 Nxd3 23. Qf6+ Kg8 24. Re4 Qc5 25. h4 Rd4 26. Rxd4 Qxd4 27. Bf1 Bc4 28. Bxd3 Bxd3 29. h5 gxh5 30. Qg5+ Kf8 31. Qxh5 Rd8 32. Qh6+ Kg8 33. Qg5+ Kf8 34. Rd2 1-0


[Site "https://www.chess.com"]

[Event "Titled Tuesday Blitz December 20 Early 2022"]
[White "Korchmar_Vasiliy"]
[Black "CDOEspiao"]
[WhiteElo "2703"]
[BlackElo "2486"]
[Result "0-1"]
[Round "07"]
[TimeControl "180+2"]
[Date "2022.12.20"]
[WhiteClock "0:00:05"]
[BlackClock "0:00:12"]

1. e4 c5 2. Nf3 e6 3. d4 cxd4 4. Nxd4 a6 5. Nc3 Qc7 6. Be2 b5 7. O-O Bb7 8. f4 b4 9. Na4 Bxe4 10. Bf3 Bxf3 11. Qxf3 Nc6 12. f5 Nf6 13. fxe6 fxe6 14. Kh1 Be7 15. Bf4 Qb7 16. Rfe1 O-O 17. Nxc6 Qxc6 18. Qxc6 dxc6 19. Rxe6 Nd5 20. Bg3 Rf6 21. Rae1 Raf8 22. h3 Rxe6 23. Rxe6 Rf6 24. Re1 h6 25. c4 bxc3 26. bxc3 Kf7 27. c4 Nb4 28. Nc3 Nd3 29. Rb1 Re6 30. Rb7 Nc5 31. Rc7 Ke8 32. Kh2 Re3 33. Rc8+ Kd7 34. Rg8 Rxc3 35. Rxg7 Ke6 36. Rg6+ Kd7 37. Rxh6 Rxc4 38. h4 Ne4 39. h5 Nxg3 40. Kxg3 Ra4 41. Rg6 Rxa2 42. h6 Ra1 43. h7 Rh1 44. Rg7 Ke6 45. Kg4 Kf6 46. Rg8 Rxh7 47. Ra8 Rg7+ 48. Kf3 Ke6 49. Rxa6 Kd5 50. g4 c5 51. Ra7 Bf6 52. Ra8 Bd4 53. Rd8+ Kc4 54. Kf4 Kd3 55. Kf5 c4 56. g5 c3 57. Rc8 c2 58. g6 Bc3 0-1


[Site "https://www.chess.com"]

[Event "Titled Tuesday Blitz December 20 Early 2022"]
[White "Kucherov, Konstantin"]
[Black "talaicito"]
[WhiteFideId "34136280"]
[WhiteElo "1983"]
[BlackElo "2293"]
[Result "1-0"]
[Round "07"]
[TimeControl "180+2"]
[Date "2022.12.20"]
[WhiteClock "0:00:36"]
[BlackClock "0:00:02"]

1. e4 c5 2. Nf3 d6 3. c3 Nf6 4. Qc2 e5 5. d4 Nc6 6. Bb5 Qc7 7. dxe5 dxe5 8. Bxc6+ bxc6 9. Na3 Ba6 10. c4 Be7 11. Bd2 O-O 12. O-O Rfe8 13. Bc3 Bf8 14. Rfe1 Nh5 15. g3 Bc8 16. b3 Bg4 17. Kg2 Qc8 18. Ng1 g6 19. Qb2 f6 20. f3 Bd7 21. Rad1 Ng7 22. Nb1 Ne6 23. Bd2 Nd4 24. Nc3 Rb8 25. Na4 Be6 26. Qc3 h5 27. Qa5 Rd8 28. Rc1 h4 29. Be3 h3+ 30. Kf2 f5 31. Bg5 Rd7 32. Nxc5 Rf7 33. Nxe6 Qxe6 34. Qc3 Bb4 35. Qd3 fxe4 36. Rxe4 Bc5 37. Ke1 Rbf8 38. f4 Qf5 39. Rxd4 Bxd4 40. Qxf5 Rxf5 41. Nxh3 exf4 42. Bxf4 Re8+ 43. Kd1 Be3 44. Rc3 Bxf4 45. gxf4 1-0


[Site "https://www.chess.com"]

[Event "Titled Tuesday Blitz December 20 Early 2022"]
[White "Larochelle, Martial"]
[Black "queen_iryna"]
[WhiteFideId "2016311"]
[WhiteElo "2039"]
[BlackElo "2354"]
[Result "1/2-1/2"]
[Round "07"]
[TimeControl "180+2"]
[Date "2022.12.20"]
[WhiteClock "0:00:10"]
[BlackClock "0:00:05"]

1. d4 d6 2. c4 e5 3. dxe5 dxe5 4. Qxd8+ Kxd8 5. g3 f6 6. Bg2 c6 7. b3 Be6 8. Bb2 Nd7 9. Nf3 Kc7 10. Nbd2 Ne7 11. e3 Nc8 12. O-O-O Ncb6 13. h3 a5 14. g4 a4 15. Kc2 axb3+ 16. axb3 Bb4 17. Ra1 Nc5 18. Bc3 Bxc3 19. Kxc3 Rxa1 20. Rxa1 Rd8 21. Bf1 Bf7 22. b4 Ne6 23. h4 h5 24. g5 Bg6 25. Bh3 Rd3+ 26. Kb2 e4 27. Bxe6 exf3 28. Nxf3 Be4 29. Nd4 Rd2+ 30. Kc3 Rxf2 31. gxf6 Rxf6 32. Rg1 g6 33. c5 Nd5+ 34. Bxd5 cxd5 35. Ne2 Rf2 36. Nf4 Rc2+ 37. Kd4 Rc4+ 38. Ke5 Rxb4 39. Rxg6 Bxg6 40. Nxd5+ Kc6 41. Nxb4+ Kxc5 42. Nd5 Be8 43. Nf6 Bc6 44. Nxh5 b5 45. Nf4 Kc4 46. Ne2 b4 47. Nd4 Be8 48. Kf6 Kd3 49. Ke7 Bh5 50. Kd6 Kxe3 51. Kc5 Kf4 52. Kxb4 Kg4 53. Nf5 Kxf5 54. Kc5 Kg4 55. Kd4 Kxh4 1/2-1/2


[Site "https://www.chess.com"]

[Event "Titled Tuesday Blitz December 20 Early 2022"]
[White "Legendinunknown"]
[Black "Balasch Peries, Eduard"]
[BlackFideId "32067372"]
[WhiteElo "2731"]
[BlackElo "1671"]
[Result "1-0"]
[Round "07"]
[TimeControl "180+2"]
[Date "2022.12.20"]
[WhiteClock "0:01:57"]
[BlackClock "0:00:37"]

1. d4 d5 2. c4 e6 3. Nf3 Nf6 4. Nc3 Be7 5. g3 O-O 6. Bg2 dxc4 7. Ne5 Nc6 8. Bxc6 bxc6 9. Nxc6 Qe8 10. Nxe7+ Qxe7 11. Qa4 Bb7 12. O-O e5 13. Qxc4 exd4 14. Qxd4 Rfd8 15. Qh4 h6 16. Be3 Nd5 17. Qxe7 Nxe7 18. Rfd1 Nd5 19. Nxd5 Rxd5 20. Rac1 c6 21. f3 a5 22. Rxd5 cxd5 23. Kf2 Ba6 24. Rc7 a4 25. Bd4 Bc4 26. a3 Bb3 27. h4 Re8 28. e3 h5 29. g4 hxg4 30. fxg4 Re6 31. g5 Re4 32. h5 Rg4 33. g6 fxg6 34. Rxg7+ Kf8 35. h6 1-0


[Site "https://www.chess.com"]

[Event "Titled Tuesday Blitz December 20 Early 2022"]
[White "Leon-Black"]
[Black "BlueWizzard"]
[WhiteElo "2634"]
[BlackElo "2862"]
[Result "0-1"]
[Round "07"]
[TimeControl "180+2"]
[Date "2022.12.20"]
[WhiteClock "0:00:06"]
[BlackClock "0:00:21"]

1. e4 g6 2. d4 d5 3. exd5 Qxd5 4. Nc3 Qd6 5. Nf3 Bg7 6. Be3 Nh6 7. Bc4 Nf5 8. O-O O-O 9. Qe2 a6 10. a4 b6 11. Bd5 Ra7 12. Rad1 e6 13. Be4 Nxe3 14. fxe3 Nd7 15. Bd3 c5 16. Qf2 Rc7 17. Ne4 Qe7 18. c3 Bb7 19. Qg3 e5 20. Bb1 Rcc8 21. dxc5 Bxe4 22. Bxe4 Nxc5 23. Bc2 h6 24. Rd5 e4 25. Nd4 Nd3 26. Bb3 Kh7 27. Qh3 Rc7 28. Rb1 f5 29. Ne2 Rd8 30. Rxd8 Qxd8 31. Nd4 Nc5 32. Bc2 Qg5 33. Rd1 Rd7 34. Qg3 Qf6 35. Qf2 h5 36. Qe2 Bh6 37. g3 h4 38. Kg2 Qg5 39. Re1 a5 40. b4 Nb7 41. Bb3 Nd6 42. Ne6 Qf6 43. Nd4 Rc7 44. Qd2 Qe5 45. Ne6 Rxc3 46. Re2 Rxb3 47. Nd4 Rxb4 48. Qa2 Bg7 49. Nc6 h3+ 50. Kxh3 Qc3 51. Nxb4 axb4 52. Qc2 Nc4 53. Qd1 b3 54. Qd7 b2 55. Rf2 b1=Q 56. Rxf5 Qxe3 57. Rf4 Qxf4 58. gxf4 Qd3+ 0-1


[Site "https://www.chess.com"]

[Event "Titled Tuesday Blitz December 20 Early 2022"]
[White "Liaqat, Ali ISB"]
[Black "AvitalBor"]
[WhiteFideId "7807058"]
[WhiteElo "1927"]
[BlackElo "2816"]
[Result "1-0"]
[Round "07"]
[TimeControl "180+2"]
[Date "2022.12.20"]
[WhiteClock "0:01:59"]
[BlackClock "0:01:52"]

1. d4 Nf6 2. c4 e6 3. Nc3 Bb4 4. e3 O-O 5. Bd2 Re8 6. Nf3 d5 7. Rc1 c6 8. Bd3 Nbd7 9. O-O dxc4 10. Bxc4 e5 11. Bxf7+ Kxf7 12. Qb3+ Kf8 13. Qxb4+ Qe7 14. Qxe7+ Rxe7 15. dxe5 Nxe5 16. Nxe5 Rxe5 17. e4 Re8 18. f3 Be6 19. Be3 b6 20. Rfd1 Red8 21. b3 h6 22. Ne2 c5 23. Nf4 Bf7 24. h4 Ke7 25. Ne2 Rxd1+ 26. Rxd1 Rd8 27. Rxd8 Kxd8 28. Nc3 c4 29. b4 Kd7 30. Bd4 Ne8 31. f4 g6 32. g4 Nf6 33. Bxf6 1-0


[Site "https://www.chess.com"]

[Event "Titled Tuesday Blitz December 20 Early 2022"]
[White "Linhart, Wolfgang"]
[Black "Derybas, Igor"]
[WhiteFideId "4636244"]
[BlackFideId "41846400"]
[WhiteElo "2114"]
[BlackElo "1490"]
[Result "0-1"]
[Round "07"]
[TimeControl "180+2"]
[Date "2022.12.20"]
[WhiteClock "0:00:01"]
[BlackClock "0:00:06"]

1. e4 c5 2. c3 e6 3. d4 d5 4. e5 Qa5 5. Nd2 c4 6. f4 b5 7. Ndf3 b4 8. Bd2 bxc3 9. Bxc3 Bb4 10. Qd2 Bxc3 11. bxc3 Nc6 12. Ne2 Rb8 13. g4 Nh6 14. h3 Qa3 15. Rc1 Bd7 16. Kf2 Rb2 17. Rc2 Rxc2 18. Qxc2 O-O 19. Bg2 Rb8 20. Rb1 Qa6 21. Rxb8+ Nxb8 22. Ng3 Ba4 23. Qb2 Qb6 24. Qxb6 axb6 25. f5 Nc6 26. fxe6 fxe6 27. Ng5 Nd8 28. Nh5 Nhf7 29. Nxf7 Kxf7 30. Nf4 Ke7 31. g5 Bc2 32. h4 b5 33. Ke3 Nc6 34. Bh3 Nd8 35. Kd2 Bb1 36. a3 Be4 37. Kc1 Bf3 38. Kb2 Bd1 39. Kc1 Bf3 40. Kb2 Be4 41. Kc1 Kf7 42. Kb2 g6 43. Kc1 Bf5 44. Bg2 Ke7 45. Bf3 Nc6 46. Bd1 Nb8 47. a4 bxa4 48. Bxa4 Na6 49. Kd2 Nc7 50. Bc2 Bxc2 51. Kxc2 Nb5 52. h5 Kf7 53. hxg6+ hxg6 54. Kd2 Nc7 55. Kc2 Nb5 56. Kd2 Na7 57. Kc2 Nc6 58. Kd2 Ne7 59. Kc2 Nf5 60. Kd2 Ng3 61. Ke3 Ne4 62. Nh3 Nxc3 63. Kd2 Ne4+ 64. Ke3 Ke7 65. Nf4 Nxg5 66. Nxg6+ Kd7 67. Nf4 Kc6 68. Kd2 Kb5 69. Kc3 Ka4 70. Ng6 Ne4+ 71. Kc2 Kb4 72. Nf8 Ng5 73. Nd7 c3 74. Nc5 Kc4 0-1


[Site "https://www.chess.com"]

[Event "Titled Tuesday Blitz December 20 Early 2022"]
[White "Lion-Al-Messi"]
[Black "Michelin, Badi"]
[BlackFideId "26032708"]
[WhiteElo "2520"]
[BlackElo "1762"]
[Result "1-0"]
[Round "07"]
[TimeControl "180+2"]
[Date "2022.12.20"]
[WhiteClock "0:02:17"]
[BlackClock "0:00:01"]

1. e4 c5 2. Nf3 Nc6 3. d4 cxd4 4. Nxd4 Nf6 5. Nc3 e6 6. Bf4 d5 7. Ncb5 e5 8. exd5 Nxd4 9. Bxe5 Nxb5 10. Bxb5+ Bd7 11. Bxf6 gxf6 12. Be2 Bd6 13. O-O O-O 14. g3 Kh8 15. Bd3 Rg8 16. Qh5 Rg7 17. Rae1 Be5 18. Re4 Qb6 19. Rh4 Qxb2 20. Bxh7 Bg4 21. Qh6 Bf4 22. Qxf4 Rxh7 23. Rxh7+ Kxh7 24. Qxg4 Qxc2 25. Re1 Rg8 26. Qh5+ Kg7 27. Re7 1-0


[Site "https://www.chess.com"]

[Event "Titled Tuesday Blitz December 20 Early 2022"]
[White "Malich, Burkhard, Dr."]
[Black "deibittowers"]
[WhiteFideId "4611330"]
[WhiteElo "2323"]
[BlackElo "2072"]
[Result "1-0"]
[Round "07"]
[TimeControl "180+2"]
[Date "2022.12.20"]
[WhiteClock "0:01:05"]
[BlackClock "0:00:36"]

1. d4 e5 2. dxe5 d6 3. Nf3 Bg4 4. Bf4 Nc6 5. exd6 Qf6 6. Bd2 Bxd6 7. Bc3 Qg6 8. Qd3 Bf5 9. Nh4 Bxd3 10. Nxg6 Bxg6 11. Bxg7 Be5 12. Bxh8 Bxh8 13. Nc3 Bxc3+ 14. bxc3 Bxc2 15. Rc1 Ba4 16. g3 O-O-O 17. Bh3+ Kb8 18. Bg2 Nge7 19. f4 Rd2 20. Kxd2 Na5 21. c4 Nf5 22. e3 Bd7 23. Be4 Nd6 24. Bd3 Be6 25. c5 Ne8 26. Rc3 b6 27. cxb6 cxb6 28. f5 Bxa2 29. e4 Nd6 30. e5 Ndc4+ 31. Bxc4 Nxc4+ 32. Kd3 Nxe5+ 33. Ke4 f6 34. Rd1 a5 35. Rd8+ Kb7 36. Rh8 a4 37. Rxh7+ Ka6 38. Rh6 Bb1+ 39. Kf4 Kb5 40. Rxf6 Nd3+ 41. Ke3 Nb4 42. Rc1 Nd5+ 43. Kd4 Nxf6 44. Rxb1+ Kc6 45. Ke5 Ng4+ 46. Ke6 b5 47. h3 Nf2 48. f6 Nxh3 49. Kf5 Nf2 50. f7 a3 51. f8=Q a2 52. Qf6+ 1-0


[Site "https://www.chess.com"]

[Event "Titled Tuesday Blitz December 20 Early 2022"]
[White "Manukyan_Artak"]
[Black "InitiatingASC"]
[WhiteElo "2560"]
[BlackElo "2412"]
[Result "1-0"]
[Round "07"]
[TimeControl "180+2"]
[Date "2022.12.20"]
[WhiteClock "0:02:32"]
[BlackClock "0:02:31"]

1. e4 c5 2. Nf3 Nc6 3. c3 Nf6 4. e5 Nd5 5. d4 cxd4 6. cxd4 d6 7. Nc3 Nxc3 8. bxc3 dxe5 9. d5 Nb8 10. Nxe5 a6 11. Qf3 Qc7 12. Qxf7+ Kd8 13. Nc4 b5 14. Bf4 Qa5 15. Nxa5 1-0


[Site "https://www.chess.com"]

[Event "Titled Tuesday Blitz December 20 Early 2022"]
[White "Martinez Ramirez, Lennis"]
[Black "Wild, Achim"]
[WhiteFideId "3509079"]
[BlackFideId "4658728"]
[WhiteElo "2426"]
[BlackElo "2265"]
[Result "1-0"]
[Round "07"]
[TimeControl "180+2"]
[Date "2022.12.20"]
[WhiteClock "0:00:52"]
[BlackClock "0:00:13"]

1. d4 Nf6 2. c4 e6 3. Nf3 d5 4. g3 a6 5. Bg2 dxc4 6. O-O b5 7. Ne5 Nd5 8. e4 Nb6 9. Qh5 g6 10. Qf3 f6 11. Ng4 Bg7 12. e5 O-O 13. exf6 Bxf6 14. Nxf6+ Qxf6 15. Qxf6 Rxf6 16. Bxa8 Nxa8 17. Bf4 Bb7 18. a4 Nc6 19. axb5 axb5 20. Rd1 Nb4 21. Nc3 Bf3 22. Rd2 Rf5 23. Be5 Nd3 24. Nxb5 Nxe5 25. dxe5 Rxe5 26. Nd4 Bd5 27. f4 Re4 28. Nb5 Nb6 29. Nxc7 Re3 30. Ra7 Rb3 31. Nxd5 exd5 32. Re2 Kf8 33. Rb7 d4 34. Re6 d3 35. Rd6 Rxb2 36. Rd8# 1-0


[Site "https://www.chess.com"]

[Event "Titled Tuesday Blitz December 20 Early 2022"]
[White "Mekhitarian, Krikor Sevag"]
[Black "VincentKeymer"]
[WhiteFideId "2107660"]
[WhiteElo "2604"]
[BlackElo "2980"]
[Result "0-1"]
[Round "07"]
[TimeControl "180+2"]
[Date "2022.12.20"]
[WhiteClock "0:00:43"]
[BlackClock "0:00:56"]

1. e4 c6 2. d4 d5 3. e5 Bf5 4. Nf3 e6 5. Be2 c5 6. Be3 Qb6 7. Nc3 Nc6 8. O-O Qxb2 9. Nb5 c4 10. Nc7+ Kd7 11. Nxa8 Bxc2 12. Qe1 Bb4 13. Bd2 Nge7 14. Bxb4 Qxb4 15. Qc1 Bg6 16. Bd1 Rxa8 17. Bc2 Qc3 18. Bxg6 Qxc1 19. Rfxc1 hxg6 20. Rab1 Rb8 21. a4 a6 22. Rb6 Kc7 23. Rcb1 Nf5 24. Ng5 Nfxd4 25. Kf1 c3 26. a5 Nxa5 27. R6b4 Nac6 28. Ra4 a5 29. Nxf7 b5 30. Ra2 b4 31. Ng5 b3 0-1


[Site "https://www.chess.com"]

[Event "Titled Tuesday Blitz December 20 Early 2022"]
[White "Michels, Achim"]
[Black "AnaKuchava"]
[WhiteFideId "4677889"]
[WhiteElo "2163"]
[BlackElo "2212"]
[Result "1/2-1/2"]
[Round "07"]
[TimeControl "180+2"]
[Date "2022.12.20"]
[WhiteClock "0:00:02"]
[BlackClock "0:00:19"]

1. e4 c5 2. Nf3 d6 3. d4 cxd4 4. Nxd4 Nf6 5. Nc3 Nc6 6. Bg5 Bd7 7. Qd2 Rc8 8. O-O-O Nxd4 9. Qxd4 Qa5 10. f4 Rxc3 11. bxc3 e5 12. Qb4 Qxb4 13. cxb4 Nxe4 14. Bh4 Nc3 15. Rd3 Nxa2+ 16. Kb2 Nxb4 17. Rb3 a5 18. c3 Nc6 19. Rxb7 Be7 20. Bxe7 Kxe7 21. Bb5 Ke6 22. f5+ Kxf5 23. Rxd7 Rb8 24. c4 Ke6 25. Rc7 Nd4 26. Rd1 Nxb5 27. cxb5 Rxb5+ 28. Ka3 Rb6 29. Ka4 Rb2 30. Rc6 Rxg2 31. Rcxd6+ Kf5 32. Rf1+ Ke4 33. Rxf7 Rxh2 34. Rxg7 h5 35. Rg5 h4 36. Re6 h3 37. Rgxe5+ Kf4 38. Re4+ Kf5 39. Re2 Rxe2 40. Rxe2 Kf4 41. Kxa5 Kg3 42. Kb4 h2 43. Rxh2 Kxh2 1/2-1/2


[Site "https://www.chess.com"]